 Dungeon Crawl Stone Soup version 0.25.1-2-g60ff931df9 (webtiles) character file.

Game seed: 5600054039044388948

46588 Amplified the Cleaver (level 14, 0/125 HPs)
             Began as a Minotaur Earth Elementalist on Oct 31, 2020.
             Was a Priest of the Shining One.
             Slain by a tyrant leech (10 damage)
             ... on level 6 of the Lair of Beasts.
             The game lasted 00:30:46 (16816 turns).

Amplified the Cleaver (MiEE)                       Turns: 16816, Time: 00:30:46

Health: 0/125      AC: 14    Str: 23    XL:     14   Next: 5%
Magic:  20/22      EV: 14    Int: 12    God:    the Shining One [***...]
Gold:   424        SH: 11    Dex: 12    Spells: 14/15 levels left

rFire    + . .     SeeInvis .   j - +4 hand axe (flame)
rCold    . . .     Gourm    .   (no shield)
rNeg     + . .     Faith    .   u - +2 leather armour {rF+}
rPois    .         Spirit   .   (helmet restricted)
rElec    .         Reflect  .   f - +0 cloak
rCorr    .         Harm     .   a - +2 pair of gloves
MR       ++...                  E - +2 pair of boots
Stlth    +.........             h - amulet of regeneration
HPRegen  0.70/turn              H - ring of protection from magic
MPRegen  0.18/turn              k - +6 ring of strength

@: divine shield, glowing, studying Fighting
A: retaliatory headbutt, horns 2
a: Divine Shield, Renounce Religion


You were on level 6 of the Lair of Beasts.
You worshipped the Shining One.
The Shining One was most pleased with you.
You were not hungry.

You visited 3 branches of the dungeon, and saw 19 of its levels.

You collected 872 gold pieces.
You spent 448 gold pieces at shops.

Inventory:

Hand Weapons
 j - a +4 hand axe of flaming (weapon)
Missiles
 b - 414 stones
 C - 5 curare-tipped darts
 D - 4 javelins (quivered)
Armour
 a - a +2 pair of gloves (worn)
 f - a +0 cloak (worn)
 m - the +2 robe of Ero Hueg {Regen+ rCorr}
   (You found it on level 8 of the Dungeon)

   It increases your rate of regeneration.
   It provides partial protection from all sources of acid and corrosion.
 s - a +0 ring mail of cold resistance
 u - a +2 leather armour of fire resistance (worn)
 E - a +2 pair of boots (worn)
 G - the +2 shield of Resistance {rF+ rC+ MR+}
   (You found it on level 6 of the Lair of Beasts)

   It protects you from fire.
   It protects you from cold.
   It affects your resistance to hostile enchantments.
Jewellery
 e - an uncursed ring of protection from cold
 h - an amulet of regeneration (around neck)
 k - a +6 ring of strength (right hand)
 v - an uncursed ring of flight
 y - a +6 ring of strength
 A - an uncursed ring of ice
 H - a ring of protection from magic (left hand)
Wands
 c - a wand of disintegration (8)
 n - a wand of iceblast (15)
 w - a wand of paralysis (1)
 x - a wand of polymorph (15)
Scrolls
 g - a scroll of amnesia
 o - 7 scrolls of remove curse
 z - 2 scrolls of immolation
 B - 3 scrolls of enchant weapon
Potions
 l - 4 potions of stabbing
 q - 6 potions of flight
 r - a potion of magic
 t - 2 potions of cancellation
 J - a potion of brilliance
Books
 F - a manual of Fighting
Miscellaneous
 p - a lightning rod (4/4)
Comestibles
 d - 24 rations
 i - 12 chunks of flesh


   Skills:
 + Level 11.7 Fighting
 - Level 14.2(14.5) Axes
   Level 5.2(10.8) Maces & Flails
 - Level 12.8 Throwing
 - Level 10.7 Armour
 * Level 5.5 Dodging
 - Level 1.5 Stealth
 - Level 1.3 Spellcasting
   Level 0.7 Transmutations
 - Level 2.4 Earth Magic
 * Level 12.0 Invocations


You had 14 spell levels left.
You knew the following spells:

 Your Spells              Type           Power        Failure   Level  Hunger
a - Sandblast             Erth           #.....       12%         1    ##.....

Your spell library contained the following spells:

 Spells                   Type           Power        Failure   Level  Hunger
 Beastly Appendage        Tmut           #.....       24%         1    ##.....
 Passwall                 Tmut/Erth      #.......     26%         2    ###....
 Animate Skeleton         Necr           N/A          32%         1    ##.....
 Apportation              Tloc           #.....       32%         1    ##.....
 Corona                   Hex            #......      32%         1    ##.....
 Foxfire                  Conj/Fire      #...         32%         1    ##.....
 Pain                     Necr           #...         32%         1    ##.....
 Summon Small Mammal      Summ           #...         32%         1    ##.....
 Sticks to Snakes         Tmut           #.......     36%         2    ###....
 Poisonous Vapours        Pois/Air       #.....       43%         2    ###....
 Stone Arrow              Conj/Erth      #.....       52%         3    ####...
 Spider Form              Tmut/Pois      #.........   63%         3    ####...
 Conjure Flame            Conj/Fire      #.......     67%         3    ####...
 Inner Flame              Hex/Fire       #.......     67%         3    ####...
 Mephitic Cloud           Conj/Pois/Air  #.......     67%         3    ####...
 Static Discharge         Conj/Air       #.......     67%         3    ####...
 Vampiric Draining        Necr           #.........   67%         3    ####...
 Petrify                  Tmut/Erth      #.......     86%         4    #####..
 Ice Form                 Ice/Tmut       #.......     95%         4    #####..
 Animate Dead             Necr           N/A          97%         4    #####..
 Sticky Flame             Conj/Fire      #.......     97%         4    #####..
 Lee's Rapid Deconstruct  Erth           #.........   97%         5    ######.
 Agony                    Necr           #.......     100%        5    ######.
 Blade Hands              Tmut           #.........   100%        5    ######.
 Fireball                 Conj/Fire      #.........   100%        5    ######.
 Lightning Bolt           Conj/Air       #.........   100%        5    ######.
 Conjure Ball Lightning   Conj/Air       #.........   100%        6    #######
 Freezing Cloud           Conj/Ice/Air   #.........   100%        6    #######
 Ring of Flames           Chrm/Fire      #.........   100%        7    #######


Dungeon Overview and Level Annotations

Branches:
Dungeon (12/15)            Temple (1/1) D:6            Lair (6/6) D:9
  Swamp (0/4) Lair:3       Spider (0/4) Lair:4          Orc (0/2) D:12
  Slime: Lair:5-6

Altars:
Ashenzari
Cheibriados
Dithmenos
Elyvilon
Fedhas
Gozag
Hepliaklqana
Kikubaaqudgha
Makhleb
Nemelex Xobeh
Okawaru
Qazlal
Ru
Sif Muna
Trog
Uskayaw
Vehumet
Wu Jian
Xom
Yredelemnul
Zin
The Shining One

Shops:
D:12 }

Annotations:
D:10 2 transporters, MilkNation's ghost, novice MiGl; Snorg
Lair:1 3 runed translucent doors, TangoThomas's ghost, journeyman TeAK
Lair:5 Rupert


Innate Abilities, Weirdness & Mutations

You reflexively headbutt those who attack you in melee.
You have a pair of horns on your head.


Message History

You hit the tyrant leech. You burn the tyrant leech.
The tyrant leech is moderately wounded.
You hit the tyrant leech but do no damage.
The tyrant leech closely misses you.
Unknown command.
Unknown command.
Unknown command.
Unknown command.
You miss the tyrant leech. Your headbutt misses the tyrant leech.
The tyrant leech is moderately wounded.
You hit the tyrant leech but do no damage.
The tyrant leech barely misses you.
Unknown command.
Unknown command.
Unknown command.
You hit the tyrant leech but do no damage.
The tyrant leech is moderately wounded.
You hit the tyrant leech but do no damage.
The tyrant leech bites you!
You die...

... ≈≈≈≈P≈≈≈..##†. #...
≈≈≈≈≈≈≈≈≈≈≈P≈≈##.† P....
#≈≈≈≈≈≈≈≈≈≈≈≈.##.. .....
≈≈≈≈≈≈≈≈≈≈≈≈≈.##÷. P....
#≈≈≈≈≈≈≈≈≈≈≈P≈.#.. .....
#.≈.≈≈≈P≈≈≈≈≈.≈#.. ...l.
##≈≈≈.≈≈≈#≈≈≈≈≈.#..
#.... ≈P
#≈≈≈≈≈.≈≈#≈≈≈≈≈....
.P...
#≈≈≈#≈@$≈≈.≈≈##≈≈≈≈....
...w.
##≈≈≈ww?≈≈≈#####≈≈....
.....
#≈≈≈≈().≈≈≈≈≈##≈≈≈....
.....
#≈≈.≈P|}≈#≈≈≈.#≈≈≈....
.....
#≈≈≈.≈≈≈≈#≈≈≈≈≈≈≈....#
.....
≈≈≈≈≈≈.P≈##≈P≈≈≈≈≈.....
.#...
≈≈≈≈≈≈≈≈≈.##P≈≈≈≈P≈.P..#
.#...
≈≈≈≈≈≈≈P≈≈##≈P≈≈≈≈P.....
.# ..
≈≈≈≈≈≈≈≈≈###≈≈≈≈≈.≈.#.#


You could see 2 tyrant leeches.

Vanquished Creatures
  9 hydras
  2 two-headed ogres
  3 death yaks (D:9)
  Nergalle (Lair:3)
  Sonja (Lair:3)
  2 black mambas
  4 elephants (Lair:6)
  17 spiny frogs
  8 komodo dragons
  A troll (D:9)
  A queen bee (D:9)
  2 polar bears
  2 tyrant leeches (Lair:6)
  8 hippogriffs
  24 blink frogs
  A spriggan (Lair:5)
  5 basilisks
  44 yaks
  Grum (D:7)
  6 vampire mosquitoes (Lair:6)
  14 water moccasins
  7 porcupines
  6 orc warriors
  3 black bears
  4 sky beasts
  A phantom (D:7)
  9 centaurs
  2 necrophages (D:9)
  6 ogres
  26 wolves
  10 crocodiles
  A big kobold (D:8)
  27 bullfrogs
  19 killer bees
  A scorpion (D:8)
  7 wights (D:9)
  3 howler monkeys
  An electric eel (Lair:3)
  2 crimson imps
  7 hounds
  A jelly (D:5)
  5 orc priests
  3 bullfrog skeletons
  12 orc wizards
  3 centaur skeletons
  5 iguanas
  4 worker ants
  A hound skeleton (D:6)
  A worker ant zombie (D:6)
  12 gnolls
  9 adders
  3 shadow imps
  An ooze (D:1)
  An adder zombie (D:7)
  An adder skeleton (D:9)
  3 worms
  A dart slug (D:1)
  6 leopard geckos
  43 orcs
  9 giant cockroaches
  6 goblins
  6 hobgoblins
  11 jackals
  8 quokkas
  A ball python (D:1)
  A ball python skeleton (D:4)
  4 bats
  6 frilled lizards
  13 kobolds
  A leopard gecko zombie (D:5)
  A quokka zombie (D:9)
  6 rats
  4 fungi
490 creatures vanquished.

Vanquished Creatures (others)
  A shadow imp (D:11)
  49 fungi
  72 plants (Lair:6)
122 creatures vanquished.

Grand Total: 612 creatures vanquished

Notes
Turn   | Place    | Note
-------+----------+-------------------------------------------
     0 | D:1      | Amplified the Minotaur Earth Elementalist began the quest
                  | for the Orb.
     0 | D:1      | Reached XP level 1. HP: 14/14 MP: 1/1
   412 | D:1      | Reached XP level 2. HP: 20/22 MP: 3/3
   418 | D:1      | Reached skill level 1 in Fighting
   418 | D:1      | Reached skill level 1 in Maces & Flails
   418 | D:1      | Reached skill level 1 in Armour
  1022 | D:2      | Reached XP level 3. HP: 28/28 MP: 2/4
  1285 | D:2      | Reached XP level 4. HP: 34/36 MP: 3/5
  1992 | D:3      | Found a blossoming altar of Fedhas.
  1992 | D:3      | Found a radiant altar of Vehumet.
  2072 | D:3      | Reached XP level 5. HP: 42/42 MP: 6/6
  2162 | D:3      | Noticed a sky beast
  2406 | D:3      | Found a bloodstained altar of Trog.
  2697 | D:4      | Reached XP level 6. HP: 49/51 MP: 1/7
  3196 | D:5      | Entered Level 5 of the Dungeon
  3256 | D:5      | Reached XP level 7. HP: 56/59 MP: 5/8
  3926 | D:5      | Reached skill level 5 in Dodging
  4134 | D:5      | Found a shimmering blue altar of Sif Muna.
  4373 | D:4      | Reached skill level 5 in Maces & Flails
  4561 | D:4      | Reached skill level 5 in Fighting
  4561 | D:4      | Reached skill level 5 in Armour
  4676 | D:4      | Found a shattered altar of Ashenzari.
  5012 | D:6      | Reached skill level 1 in Axes
  5012 | D:6      | Reached skill level 1 in Throwing
  5012 | D:6      | Reached XP level 8. HP: 68/68 MP: 9/9
  5052 | D:6      | Found a sparkling altar of Nemelex Xobeh.
  5346 | D:6      | Reached skill level 2 in Axes
  5421 | D:6      | Reached skill level 3 in Axes
  5455 | D:6      | Found a staircase to the Ecumenical Temple.
  5816 | Temple   | Entered the Ecumenical Temple
  5973 | Temple   | Became a worshipper of the Shining One
  6245 | D:7      | Got an agate-encrusted leather armour
  6246 | D:7      | Identified the cursed +0 leather armour of Berph {rC+} (You
                  | found it on level 7 of the Dungeon)
  6323 | D:7      | Reached skill level 1 in Invocations
  6325 | D:7      | Reached skill level 4 in Axes
  6400 | D:7      | Noticed a hippogriff
  6410 | D:7      | Killed a hippogriff
  6410 | D:7      | Reached skill level 5 in Throwing
  6880 | D:8      | Noticed Grum
  6889 | D:7      | Reached skill level 5 in Axes
  6889 | D:7      | Reached XP level 9. HP: 32/77 MP: 10/10
  7105 | D:7      | Killed Grum
  7122 | D:8      | Noticed a two-headed ogre
  7221 | D:8      | Reached skill level 6 in Axes
  7256 | D:8      | Found a hazy altar of Hepliaklqana.
  7416 | D:8      | Reached * piety under the Shining One
  7556 | D:8      | Got an opalescent robe
  7559 | D:8      | Identified the +2 robe of Ero Hueg {Regen+ rCorr} (You
                  | found it on level 8 of the Dungeon)
  7577 | D:8      | Found a glowing silver altar of Zin.
  7800 | D:8      | Reached skill level 7 in Axes
  7827 | D:8      | Identified the Volume of Conjuration
  7855 | D:8      | Killed a two-headed ogre
  7855 | D:8      | Reached skill level 5 in Invocations
  7855 | D:8      | Reached XP level 10. HP: 86/86 MP: 12/12
  8220 | D:9      | Reached ** piety under the Shining One
  8222 | D:9      | Reached skill level 8 in Axes
  8303 | D:9      | Found a hazy altar of Hepliaklqana.
  8320 | D:9      | Noticed a death yak
  8322 | D:9      | Noticed a death yak
  8322 | D:9      | Noticed a death yak
  8479 | D:9      | Noticed a two-headed ogre
  8496 | D:9      | Killed a two-headed ogre
  8496 | D:9      | Reached skill level 10 in Throwing
  8788 | D:9      | Found a staircase to the Lair.
  8849 | D:9      | Reached skill level 9 in Axes
  9061 | D:9      | Killed a death yak
  9061 | D:9      | Reached XP level 11. HP: 95/95 MP: 12/15
  9078 | D:9      | Killed a death yak
  9272 | D:9      | Killed a death yak
  9363 | D:10     | Entered Level 10 of the Dungeon
  9447 | D:10     | Found a transporter.
  9447 | D:10     | Noticed MilkNation's ghost (novice MiGl)
  9448 | D:10     | Identified the +10 great mace of Truncation {drain, Str-4
                  | Int+3}
  9448 | D:10     | Noticed a two-headed ogre
  9450 | D:10     | Noticed a two-headed ogre
  9454 | D:10     | Noticed Snorg
  9457 | D:10     | Found a transporter.
  9541 | D:10     | Noticed a deep elf mage
  9542 | D:10     | Noticed a red ugly thing
  9598 | D:10     | Noticed a frost giant
  9598 | D:10     | You fall into a shaft and drop 2 floors!
  9598 | D:12     | Found Kubreic's Gadget Shoppe.
  9606 | D:12     | Reached skill level 10 in Axes
  9636 | D:12     | Bought a wand of iceblast (10) for 224 gold pieces
  9636 | D:12     | Bought a wand of iceblast (10) for 224 gold pieces
 10014 | D:12     | Found a staircase to the Orcish Mines.
 10406 | Lair:1   | Entered Level 1 of the Lair of Beasts
 10411 | Lair:1   | Reached *** piety under the Shining One
 10601 | Lair:1   | Noticed TangoThomas's ghost (journeyman TeAK)
 10653 | Lair:1   | Found a runed translucent gate.
 10653 | Lair:1   | Found a runed translucent gate.
 10654 | Lair:1   | Found a runed translucent gate.
 10751 | Lair:1   | Noticed a four-headed hydra
 10762 | Lair:1   | Killed a four-headed hydra
 11416 | Lair:2   | Got a distressingly furry leather armour
 11517 | Lair:2   | Reached skill level 11 in Axes
 11599 | Lair:2   | Noticed an eight-headed hydra
 11604 | Lair:2   | Identified the +2 leather armour of the Sun {+Inv} (You
                  | found it on level 2 of the Lair of Beasts)
 11759 | Lair:3   | Noticed an eight-headed hydra
 11771 | Lair:3   | Killed a two-headed hydra
 11771 | Lair:3   | Reached XP level 12. HP: 59/106 MP: 17/17
 11988 | Lair:3   | Noticed Nergalle
 12016 | Lair:3   | Killed Nergalle
 12099 | Lair:3   | Noticed a seven-headed hydra
 12103 | Lair:3   | Killed a seven-headed hydra
 12103 | Lair:3   | Reached skill level 10 in Fighting
 12299 | Lair:3   | Found a staircase to the Swamp.
 12352 | Lair:3   | Noticed Sonja
 12362 | Lair:3   | Killed Sonja
 12362 | Lair:3   | Reached skill level 12 in Axes
 13180 | Lair:2   | Reached skill level 10 in Invocations
 13326 | Lair:2   | Noticed an eight-headed hydra
 13532 | Lair:2   | Killed a one-headed hydra
 13605 | Lair:2   | Killed a four-headed hydra
 14253 | Lair:4   | Noticed a four-headed hydra
 14264 | Lair:4   | Killed a one-headed hydra
 14264 | Lair:4   | Reached XP level 13. HP: 100/114 MP: 15/19
 14639 | Lair:4   | Found a hole to the Spider Nest.
 15012 | Lair:5   | Reached skill level 13 in Axes
 15253 | Lair:5   | Noticed Rupert
 15263 | Lair:6   | Entered Level 6 of the Lair of Beasts
 15880 | Lair:6   | Reached skill level 10 in Armour
 16152 | Lair:6   | Reached skill level 14 in Axes
 16657 | Lair:6   | Reached XP level 14. HP: 98/125 MP: 18/21
 16764 | Lair:6   | Identified a scroll of acquirement
 16764 | Lair:6   | Acquired a manual of Fighting
 16795 | Lair:6   | Found the +2 shield of Resistance {rF+ rC+ MR+}
 16816 | Lair:6   | Slain by a tyrant leech

Illustrated notes

Levels and vault maps discovered:
D:1:      nzn_arrival_crosshair, layout_loops_corners, hangedman_decor_points,
          minmay_misc_feat_diagonals
D:2:      layout_basic, first_ration
D:3:      layout_rooms, chequers_temple_overflow_statue_of_worship, trog_book
D:4:      layout_layer_cave, marbit_many_paths, minmay_manual_mail
D:5:      layout_cave_pods, lemuel_blue_sif_altar
D:6:      layout_basic, nemelex_xobeh_ov_fountains_minmay,
          minmay_temple_entry_statues
D:7:      layout_loops_ring, st_stairs_11, minmay_misc_feat_tiny,
          minmay_parallelograms
D:8:      layout_basic, lemuel_doored_altar, basic_altar, uniq_grum
D:9:      layout_loops_ring, kennysheep_mini_moat, dpeg_lair_monsters,
          david_nohive_1
D:10:     minmay_the_grid_3x3 [minmay_the_grid_spikes,
          minmay_the_grid_outer_circle, minmay_the_grid_gridbox,
          minmay_the_grid_minigrid_medium, minmay_the_grid_minigrid_small_alt,
          minmay_the_grid_tree, minmay_the_grid_aliased_spiral,
          minmay_the_grid_eight, minmay_the_grid_prize_inner_circle],
          layout_irregular_city, gammafunk_ghost_smash, uniq_josephine,
          uniq_snorg
D:11:     erik_rubicon_b, layout_basic, nicolae_trove_entry_free_sample,
          serial_shops, nicolae_shop_behind_doors, minmay_curled_crystal,
          hangedman_decor_peaks_small, uniq_maurice
D:12:     layout_roguey, david_orc_4, serial_shops, nicolae_shop_waterfront,
          grunt_ministairs_1, hangedman_abyss_or_decor_clamps,
          hangedman_corner_corridor
Temple:   regret_index_temple_waves
Lair:1:   layout_cave_pods, gammafunk_ghost_split, serial_bayou_shore_b,
          grunt_megastairs_3, infiniplex_staircase_pool
Lair:2:   layout_regular_city, grunt_megastairs_4
Lair:3:   layout_hall_layers, swamp_mist_pool, fungi_pond_lemuel, uniq_sonja,
          uniq_nergalle
Lair:4:   layout_regular_city, spider_nest_entry_web_field, grunt_megastairs_2
Lair:5:   layout_long_grid, slime_altar_1, grunt_forest_stairs_clearing,
          uniq_rupert
Lair:6:   minmay_lair_end_frog_pond, layout_long_grid, serial_bayou_pond_d,
          kennysheep_basilisk_garden

Skill      XL: |  1  2  3  4  5  6  7  8  9 10 11 12 13 14 |
---------------+-------------------------------------------+-----
Fighting       | 1 2 3 4 5 6 7 8 9 10 11 | 11.7
Maces & Flails | 1 2 3 4 5 |  5.2
Armour         | 1 2 3 4 5 8 10 | 10.7
Dodging        | 3 4 5 |  5.5
Axes           | 1 5 7 9 11 12 14 | 14.2
Throwing       | 1 6 9 11 12 | 12.8
Invocations    | 2 5 7 9 10 11 12 | 12.0
Stealth        | |  1.5
Spellcasting   | |  1.3
Transmutations | |  0.7
Earth Magic    | |  2.4

Action                   |  1- 3 |  4- 6 |  7- 9 | 10-12 | 13-15 || total
-------------------------+-------+-------+-------+-------+-------++-------
Melee: Whip              |    91 |   106 |    13 |       |       ||   210
       Headbutt          |    13 |    16 |    59 |   122 |    96 ||   306
       Flail             |       |       |    66 |       |       ||    66
       Hand axe          |       |       |   202 |   600 |   414 ||  1216
Throw: Stone             |     4 |     6 |     4 |       |     1 ||    15
       Javelin           |       |       |     8 |    39 |    11 ||    58
 Cast: Sandblast         |    11 |    34 |    13 |     2 |       ||    60
Invok: Divine Shield     |       |       |       |    15 |    14 ||    29
Evoke: Wand              |       |    11 |     3 |    12 |    15 ||    41
       Lightning rod     |       |       |       |     1 |       ||     1
  Use: Scroll            |     3 |     5 |    15 |     9 |     5 ||    37
       Potion            |       |     1 |     4 |     4 |     2 ||    11
 Stab: Sleeping          |       |       |     2 |       |       ||     2
  Eat: Chunk             |     2 |     8 |    12 |    14 |    10 ||    46
       Ration            |       |       |     1 |     2 |       ||     3
Armor: Chain mail        |    49 |       |       |       |       ||    49
       Robe              |     1 |       |       |       |       ||     1
       Ring mail         |    31 |    50 |    20 |       |       ||   101
       Skin              |       |    15 |       |    11 |     7 ||    33
       Leather armour    |       |       |    72 |   148 |   111 ||   331
Dodge: Dodged            |    45 |    83 |   198 |   330 |   197 ||   853
Block: Other             |       |       |       |    76 |    96 ||   172
